 Dungeon Crawl Stone Soup version 0.30-a0-365-ge7f957f1db (webtiles) character file.

Game seed: 1530657738500364785

11119 qeuew the Grappler (level 11, -3/107 HPs)
             Began as a Troll Fighter on Nov 17, 2022.
             Was an Initiate of Gozag.
             Splashed by a brown ugly thing's acid (10 damage)
             ... on level 11 of the Dungeon.
             The game lasted 00:18:29 (8753 turns).

qeuew the Grappler (Troll Fighter)                  Turns: 8753, Time: 00:18:31

Health: -3/107     AC:  6    Str: 26    XL:     11   Next: 45%
Magic:  10/10      EV: 11    Int:  2    God:    Gozag
Gold:   1661       SH: 15    Dex: 13    Spells: 10/10 levels left

rFire   . . .      SeeInvis .      - Unarmed
rCold   . . .      Faith    .    b - +1 kite shield
rNeg    . . .      Spirit   .    a - +0 robe
rPois   +          Reflect  .    (helmet restricted)
rElec   .          Harm     .    (no cloak)
rCorr   .          Rampage  .    (gloves unavailable)
Will    .....                    (boots unavailable)
Stlth   +.........               (no amulet)
HPRegen 1.17/turn                f - +4 ring of protection
MPRegen 0.12/turn                g - ring of poison resistance

@: lethally poisoned (-3 -> -3), corroded, gold aura
A: large, unfitting armour, claws 3, regeneration 1, shaggy fur 1, tough skin 1,
iridescent scales 1, large bone plates 1, dopey 1, subdued magic 1
a: Renounce Religion, Potion Petition, Call Merchant, Bribe Branch


You were on level 11 of the Dungeon.
You worshipped Gozag.
Gozag was most pleased with you.
You visited 2 branches of the dungeon, and saw 12 of its levels.
You also visited: Sewer, Bailey and Gauntlet.

You collected 2485 gold pieces.
You paid 824 gold pieces to Gozag.

Inventory:

Armour
 a - a +0 robe (worn)
 b - a +1 kite shield (worn)
Jewellery
 d - a +4 ring of evasion
 f - a +4 ring of protection (left claw)
 g - a ring of poison resistance (right claw)
 h - a ring of positive energy
 i - a ring of flight
 k - the ring "Aziypem" {rElec rF+ Int+6}
   (You found it on level 8 of the Dungeon)

   [ring of intelligence]

   Int:       It affects your intelligence (+6).
   rF:        It protects you from fire.
   rElec:     It insulates you from electricity.
Wands
 e - a wand of paralysis (8) (quivered)
 p - a wand of mindburst (11)
 r - a wand of roots (5)
 A - a wand of flame (3)
Scrolls
 q - 2 scrolls of summoning
 u - 3 scrolls of identify
 v - 2 scrolls of enchant weapon
 w - 4 scrolls of teleportation
 y - a scroll of amnesia
 z - 2 scrolls of enchant armour
 C - a scroll of brand weapon
Potions
 c - a potion of might
 j - 7 potions of curing
 m - 2 potions of ambrosia
 n - 2 potions of magic
 o - 2 potions of flight
 s - 3 potions of invisibility
 t - 2 potions of cancellation
 x - a potion of brilliance
 B - a potion of berserk rage


   Skills:
 + Level 6.7 Fighting
 + Level 6.7 Dodging
 + Level 7.4 Shields
 * Level 10.9 Unarmed Combat
 + Level 5.5 Evocations


You had 10 spell levels left.
You didn't know any spells.
Your spell library contained the following spells:

 Spells                   Type           Power      Damage    Failure   Level
 Magic Dart               Conj           0%         1d3       77%         1
 Call Imp                 Summ           0%         N/A       88%         2
 Dazzling Flash           Conj/Hex       0%         N/A       98%         3
 Mephitic Cloud           Conj/Pois/Air  0%         N/A       98%         3
 Tukima's Dance           Hex            0%         N/A       98%         3
 Vhi's Electric Charge    Tloc/Air       0%         N/A       98%         3
 Iskenderun's Mystic Bla  Conj/Tloc      0%         2d3       100%        4
 Passage of Golubria      Tloc           0%         N/A       100%        4
 Arcjolt                  Conj/Air       0%         1d10      100%        5
 Yara's Violent Unravell  Hex/Tmut       0%         3d3       100%        5
 Conjure Ball Lightning   Conj/Air       0%         3x3d6     100%        6
 Starburst                Conj/Fire      0%         6d3       100%        6
 Discord                  Hex            0%         N/A       100%        8
 Disjunction              Tloc           0%         N/A       100%        8
 Maxwell's Capacitive Co  Air            0%         ∞         100%        8


Dungeon Overview and Level Annotations

Branches:
Dungeon (11/15)            Temple (1/1) D:5            Lair (0/5) D:8
    Orc (0/2) D:9           Sewer (visited)          Bailey (visited)
Gauntlet (visited)

Altars:
Ashenzari
Cheibriados
Dithmenos
Elyvilon
Fedhas
Gozag
Hepliaklqana
Kikubaaqudgha
Makhleb
Nemelex Xobeh
Okawaru
Qazlal
Ru
Sif Muna
Trog
Uskayaw
Vehumet
Wu Jian
Xom
Yredelemnul
Zin
The Shining One

Shops:
D:8 (

Annotations:
D:5 2 transporters


Innate Abilities, Weirdness & Mutations

You are too large for most types of armour.
You have claws for hands.
Your natural rate of healing is unusually fast.
You are covered in fur. (AC +1)
You have tough skin. (AC +1)
You are partially covered in iridescent scales. (AC +2)
You are partially covered in large bone plates. (SH +4)
You are dopey. (Int -2)
Your spells are a little easier to cast, but a little less powerful.


Message History

The brown ugly thing is severely wounded.
You feel very sick.
You block the brown ugly thing's attack.
You closely miss the brown ugly thing.
The brown ugly thing is severely wounded.
You feel sick. The brown ugly thing pecks you!
You are splashed with acid!
You are too injured to fight recklessly!
You are too injured to fight recklessly!
You are too injured to fight recklessly!
You are too injured to fight recklessly!
You are too injured to fight recklessly!
You are too injured to fight recklessly!
You are too injured to fight recklessly!
You are too injured to fight recklessly!
You are too injured to fight recklessly!
You are too injured to fight recklessly!
You are too injured to fight recklessly!
You are too injured to fight recklessly!
You closely miss the brown ugly thing.
The brown ugly thing is severely wounded.
You feel sick.
You block the brown ugly thing's attack.
You claw the brown ugly thing!
The brown ugly thing is almost dead.
You feel sick.
You block the brown ugly thing's attack.
You scratch the brown ugly thing.
The brown ugly thing is almost dead.
You feel sick. The brown ugly thing pecks you!
* * * LOW HITPOINT WARNING * * *
The acid corrodes you!
You are splashed with acid!
* * * LOW HITPOINT WARNING * * *
Unknown command.
You claw the brown ugly thing!
The brown ugly thing is almost dead.
You feel sick. The brown ugly thing pecks you!
* * * LOW HITPOINT WARNING * * *
You are splashed with acid!
You die...
Your body crumbles into a pile of gold.

#...# #.#.#
#.#.#### #
#.#....####
.#.#####.####....#
.........# #....#
.........# #....#
.....##.#####....#
...# #@#........#
.# #u#.#####..#
#.# #..# #.#
#..####### ...
#......... ###
#......... $
##....[[..
.....###.[..
########....


You could see a brown ugly thing.

Vanquished Creatures
  A two-headed ogre (D:9)
  4 death yaks
  2 skeletal warriors (D:9)
  2 orc knights (Bailey)
  An ugly thing (D:11)
  2 kobold demonologists (Bailey)
  2 trolls (D:10)
  5 yaks (D:7)
  A shadow (D:9)
  Menkaure (D:4)
  An acid dragon (D:9)
  A water moccasin (D:8)
  Pargi (Sewer)
  2 sky beasts
  9 orc warriors
  An ice beast (D:5)
  2 ogres
  4 centaurs
  2 kobold brigands
  3 bullfrogs
  Blork the orc (D:6)
  2 gnoll sergeants
  A scorpion (D:6)
  3 killer bees (D:11)
  11 howler monkeys
  2 electric eels (Bailey)
  4 hounds
  A jelly (D:7)
  6 orc priests
  3 gnoll boudas
  6 orc wizards
  25 gnolls
  4 adders
  A white imp (D:6)
  2 ufetubi
  A dart slug (D:4)
  33 orcs
  10 bats
  7 endoplasms
  5 giant cockroaches
  10 goblins
  11 hobgoblins
  4 jackals (D:1)
  6 quokkas
  5 ball pythons
  5 frilled lizards
  10 kobolds
  8 rats
234 creatures vanquished.

Vanquished Creatures (others)
  19 demonic plants (Gauntlet)
19 creatures vanquished.

Grand Total: 253 creatures vanquished

Notes
Turn   | Place    | Note
-------+----------+-------------------------------------------
     0 | D:1      | qeuew the Troll Fighter began the quest for the Orb.
     0 | D:1      | Reached XP level 1. HP: 22/22 MP: 0/0
    57 | D:1      | Reached XP level 2. HP: 29/29 MP: 1/1
   528 | D:1      | Reached XP level 3. HP: 36/36 MP: 2/2
  1507 | D:3      | Found a faded altar of an unknown god.
  1695 | D:3      | Reached skill level 3 in Unarmed Combat
  1844 | D:3      | Reached XP level 4. HP: 44/44 MP: 3/3
  2087 | D:3      | Gained mutation: You are partially covered in large bone
                  | plates. (SH +4) [potion of mutation]
  2087 | D:3      | Gained mutation: You are dopey. (Int -2) [potion of
                  | mutation]
  2087 | D:3      | Gained mutation: Your spells are a little easier to cast,
                  | but a little less powerful. [potion of mutation]
  2087 | D:3      | Gained mutation: You are partially covered in iridescent
                  | scales. (AC +2) [potion of mutation]
  2303 | D:4      | Noticed an ogre
  2310 | D:4      | Killed an ogre
  2311 | D:4      | Reached skill level 1 in Evocations
  2311 | D:4      | Reached XP level 5. HP: 24/53 MP: 4/4
  2381 | D:4      | Found a shimmering altar of Xom.
  2381 | D:4      | Noticed Menkaure
  2388 | D:4      | Killed Menkaure
  2389 | D:4      | Reached skill level 4 in Unarmed Combat
  2389 | D:4      | Reached XP level 6. HP: 42/61 MP: 5/5
  2740 | D:5      | Entered Level 5 of the Dungeon
  2741 | D:5      | Found an ornate altar of the Wu Jian Council.
  2756 | D:5      | Reached XP level 7. HP: 23/67 MP: 6/6
  2899 | D:5      | Reached skill level 5 in Unarmed Combat
  2942 | D:5      | Found a staircase to the Ecumenical Temple.
  2968 | Temple   | Entered the Ecumenical Temple
  3083 | Temple   | Became a worshipper of Gozag Ym Sagoz the Greedy
  3247 | D:5      | Found a transporter.
  3250 | D:5      | Found a transporter.
  3274 | D:5      | Found a burning altar of Makhleb.
  3641 | D:6      | Noticed Blork the orc
  3643 | D:6      | Killed Blork the orc
  3693 | D:6      | Reached XP level 8. HP: 75/78 MP: 7/7
  3812 | D:6      | Found a glowing drain.
  3826 | Sewer    | Entered a sewer
  3913 | Sewer    | Noticed Pargi
  3925 | Sewer    | Killed Pargi
  3926 | Sewer    | Reached skill level 6 in Unarmed Combat
  4647 | D:6      | Found a sacrificial altar of Ru.
  4825 | D:7      | Found a snail-covered altar of Cheibriados.
  4906 | D:7      | Reached skill level 5 in Shields
  4919 | D:7      | Reached skill level 7 in Unarmed Combat
  5011 | D:7      | Reached XP level 9. HP: 85/85 MP: 8/8
  5049 | D:7      | Reached skill level 5 in Dodging
  5211 | D:7      | Reached skill level 5 in Fighting
  5230 | D:7      | Reached skill level 8 in Unarmed Combat
  5597 | D:8      | Found a glowing silver altar of Zin.
  5621 | D:8      | Noticed a death yak
  5627 | D:8      | Noticed a death yak
  5630 | D:8      | Noticed a death yak
  5631 | D:8      | Noticed a death yak
  5640 | D:8      | Noticed a death yak
  5659 | D:7      | Killed a death yak
  5738 | D:8      | Found a staircase to the Lair.
  5756 | D:8      | Reached XP level 10. HP: 96/96 MP: 9/9
  5825 | D:7      | Killed a death yak
  5826 | D:7      | Reached skill level 9 in Unarmed Combat
  6005 | D:8      | Identified the ring "Aziypem" {rElec rF+ Int+6}
  6104 | D:7      | Killed a death yak
  6169 | D:8      | Found Bagruthis's Antique Weapon Shop.
  6247 | D:8      | Killed a death yak
  6482 | D:9      | Found a sparkling altar of Nemelex Xobeh.
  6553 | D:9      | Noticed a skeletal warrior
  6558 | D:9      | Noticed a skeletal warrior
  6571 | D:9      | Killed a skeletal warrior
  6580 | D:9      | Killed a skeletal warrior
  6581 | D:9      | Reached skill level 10 in Unarmed Combat
  6711 | D:9      | Reached skill level 5 in Evocations
  6809 | D:9      | Found an ancient bone altar of Kikubaaqudgha.
  6817 | D:9      | Noticed a two-headed ogre
  6828 | D:9      | Killed a two-headed ogre
  6914 | D:9      | Found a staircase to the Orcish Mines.
  7018 | D:9      | Reached XP level 11. HP: 74/105 MP: 10/10
  7190 | D:10     | Entered Level 10 of the Dungeon
  7453 | D:10     | Found a flagged portal.
  7463 | Bailey   | Entered a bailey
  7525 | Bailey   | Noticed an orc knight
  7539 | Bailey   | Killed an orc knight
  7555 | Bailey   | Noticed an orc knight
  7569 | Bailey   | Killed an orc knight
  7570 | Bailey   | HP: 5/107 [orc warrior/+0 war axe (14)]
  7705 | Bailey   | Found an iron altar of Okawaru.
  7709 | Bailey   | Identified the +2 chain mail of Tosit {Harm Slay+2 SInv}
  8040 | D:10     | Identified the +9 hand axe "Piefroep" {protect, Stlth+}
  8336 | D:10     | Found a hazy altar of Hepliaklqana.
  8528 | D:10     | Acquired 869 gold pieces
  8547 | D:11     | Found a gate leading to a gauntlet.
  8584 | Gauntlet | Entered a Gauntlet
  8584 | Gauntlet | Found a transporter.
  8588 | Gauntlet | Noticed a quicksilver ooze
  8604 | Gauntlet | Found a transporter.
  8612 | Gauntlet | Found a transporter.
  8612 | Gauntlet | Noticed a catoblepas
  8617 | Gauntlet | Found a transporter.
  8622 | Gauntlet | Noticed a thrashing horror
  8624 | Gauntlet | Found a transporter.
  8624 | Gauntlet | Found a transporter.
  8626 | Gauntlet | Found a transporter.
  8626 | Gauntlet | Noticed a thrashing horror
  8627 | Gauntlet | Found a transporter.
  8645 | Gauntlet | Noticed a reaper
  8648 | Gauntlet | Found a transporter.
  8653 | Gauntlet | Found a transporter.
  8657 | Gauntlet | Found a transporter.
  8668 | Gauntlet | Found a transporter.
  8731 | D:11     | Noticed a green ugly thing
  8733 | D:11     | Noticed a brown ugly thing
  8744 | D:11     | Killed a green ugly thing
  8753 | D:11     | Splashed by a brown ugly thing's acid

Illustrated notes

Levels and vault maps discovered:
D:1:      minmay_arrival_shattered_statue, layout_basic, minmay_misc_feat_cross
D:2:      layout_loops_ring
D:3:      layout_basic, shapermc_ecumenical_altar_petra
D:4:      layout_cave_pools, mainiacjoe_overflow_alcove_2, uniq_menkaure
D:5:      layout_gridville, pdpol_wu_jian_five_deadly_venoms,
          mainiacjoe_overflow_catwalk, minmay_temple_entry_stoned_glass,
          gammafunk_ghost_hive
D:6:      layout_loops_corners, nicolae_ru_the_path_less_chosen,
          cheibrodos_sewer_entry_drain, uniq_blork_the_orc
D:7:      layout_basic, mainiacjoe_overflow_brackets
D:8:      layout_loops_ring, zin_statuary, dpeg_lair_monsters, serial_shops,
          shop
D:9:      layout_roguey, nicolae_kikubaaqudgha_miasma_corner,
          mainiacjoe_overflow_boulevard, orc_0_dummy
D:10:     nicolae_cairo_tiling, layout_irregular_city,
          worldfamousw_hep_ancestral_shrine, enter_bailey_2
D:11:     layout_basic, gauntlet_entry_generic
Temple:   dshaligram_water_room_temple

Skill      XL: |  1  2  3  4  5  6  7  8  9 10 11 |
---------------+----------------------------------+-----
Shields        | 3 4 5 6 7 |  7.4
Unarmed Combat | 3 4 5 7 8 10 | 10.9
Fighting       | 3 4 5 6 |  6.7
Dodging        | 3 4 5 6 |  6.7
Evocations     | 1 2 3 4 5 |  5.5

Action                   |  1- 3 |  4- 6 |  7- 9 | 10-12 || total
-------------------------+-------+-------+-------+-------++-------
Melee: Unarmed           |   153 |   104 |   349 |   282 ||   888
Invok: Potion Petition   |       |       |     1 |     1 ||     2
  Use: Potion            |     5 |     4 |     2 |     3 ||    14
       Scroll            |     5 |     2 |     7 |     7 ||    21
 Stab: Sleeping          |     2 |       |       |       ||     2
       Distracted        |       |       |     1 |     3 ||     4
Armor: Robe              |    60 |    30 |   102 |    46 ||   238
       Skin              |       |       |       |     5 ||     5
Dodge: Dodged            |    80 |    58 |   157 |   136 ||   431
Block: Kite shield       |    61 |    65 |   243 |   239 ||   608

Table legend: (Time is in decaauts)
 A = Elapsed time spent in this place.
 B = Non-inter-level travel time spent in this place.
 C = Inter-level travel time spent in this place.
 D = Time resting spent in this place.
 E = Time spent auto-exploring this place.
 F = Levels seen in this place.
 G = Mean time per level.
                   A        B        C        D        E       F      G
               +--------+--------+--------+--------+--------+-----+--------+
         Total |   8728 |   8298 |    430 |     66 |   6072 |  15 |  581.9 |
       Dungeon |   7738 |   7367 |    371 |     66 |   5639 |  11 |  703.5 |
        Temple |    135 |     77 |     58 |      0 |     66 |   1 |  135.0 |
         Sewer |    249 |    249 |      0 |      0 |    165 |   1 |  249.0 |
        Bailey |    505 |    505 |      0 |      0 |    201 |   1 |  505.0 |
      Gauntlet |     99 |     99 |      0 |      0 |      0 |   1 |   99.0 |
               +--------+--------+--------+--------+--------+-----+--------+

Top non-repeatable levels by time:
     D:6: 941 daAuts
     D:7: 842 daAuts
    D:10: 825 daAuts
     D:1: 799 daAuts
     D:8: 773 daAuts
     D:5: 768 daAuts
     D:9: 750 daAuts
     D:3: 704 daAuts
     D:2: 626 daAuts
     D:4: 605 daAuts
  Bailey: 505 daAuts
   Sewer: 249 daAuts
  Temple: 135 daAuts
    D:11: 100 daAuts
Gauntlet: 99 daAuts
